 Dungeon Crawl Stone Soup version 0.24-a0-525-g9231cdcba1 (webtiles) character file.

Game seed: 3404322363803685583

156 Gynju the Insei (level 5, -1/45 HPs)
             Began as a Naga Transmuter on Aug 4, 2019.
             Slain by an orc priest
             ... wielding a +0 hand axe
              (4 damage)
             ... on level 3 of the Dungeon.
             The game lasted 00:04:58 (3174 turns).

Gynju the Insei (Naga Transmuter)                   Turns: 3174, Time: 00:04:59

Health: -1/45      AC:  5    Str: 12    XL:     5   Next: 38%
Magic:  9/9        EV: 10    Int: 14    God:
Gold:   103        SH:  0    Dex: 12    Spells: 3/9 levels left

rFire    . . .     SeeInvis +   i - +1 war axe (elec)
rCold    . . .     Gourm    .   (no shield)
rNeg     . . .     Faith    .   b - +0 robe
rPois    +         Spirit   .   (no helmet)
rElec    .         Reflect  .   (no cloak)
rCorr    .         Harm     .   f - +2 pair of gloves
MR       .....                  (no barding)
Stlth    +.........             (no amulet)
HPRegen  0.15/turn              (no ring)
MPRegen  0.11/turn              (no ring)

@: very slow
A: large, see invisible, deformed body, poison resistance, slowness 2, slow
metabolism 1, spit poison 1, AC +1
a: Spit Poison


You were on level 3 of the Dungeon.
You were not hungry.

You visited 1 branch of the dungeon, and saw 3 of its levels.

You collected 103 gold pieces.

Inventory:

Hand Weapons
 i - a +1 war axe of electrocution (weapon)
Missiles
 a - 30 arrows
 l - 8 javelins (quivered)
Armour
 b - a +0 robe (worn)
 f - a +2 pair of gloves (worn)
Jewellery
 e - an uncursed ring of see invisible {unknown}
 k - an uncursed ring of poison resistance {unknown}
Wands
 n - a wand of random effects (21)
Scrolls
 g - 2 scrolls of identify {unknown}
 h - 2 scrolls of remove curse {unknown}
 o - 3 scrolls of enchant armour {unknown}
 p - a scroll of amnesia {unknown}
 q - a scroll of fear {unknown}
Potions
 c - 2 potions of heal wounds {unknown}
 j - a potion of agility {unknown}
 m - a potion of curing {unknown}
 r - a potion of lignification {unknown}
Comestibles
 d - 7 rations
 s - 8 chunks of flesh


   Skills:
 - Level 1.7 Fighting
 - Level 2.1 Dodging
 * Level 4.3 Unarmed Combat
 + Level 2.8 Spellcasting
 + Level 3.0 Transmutations


You had 3 spell levels left.
You knew the following spells:

 Your Spells              Type           Power        Failure   Level  Hunger
a - Beastly Appendage     Tmut           ##....       6%          1    #......
b - Sticks to Snakes      Tmut           ##......     10%         2    ###....
c - Spider Form           Tmut/Pois      #.........   34%         3    ###....

Your spell library contained the following spells:

 Spells                   Type           Power        Failure   Level  Hunger
 Ice Form                 Ice/Tmut       #.......     75%         4    #####..
 Blade Hands              Tmut           ##........   87%         5    ######.


Dungeon Overview and Level Annotations

Branches:
Dungeon (3/15)

Altars:


Innate Abilities, Weirdness & Mutations

You cannot wear boots.
Your serpentine skin is tough. (AC +1)
You have supernaturally acute eyesight. (SInv)
Armour fits poorly on your strangely shaped body.
Your system is resistant to poisons. (rPois)
You cover ground very slowly.
You have a slow metabolism.
You can spit poison.


Message History

The orc priest is heavily wounded.
You closely miss the orc. You barely miss the orc.
The orc hits you with a +0 flail.
The orc priest hits you with a +0 hand axe.
* * * LOW HITPOINT WARNING * * *
The orc hits you with a +0 hand axe.
* * * LOW HITPOINT WARNING * * *
The orc hits you with a +0 flail.
* * * LOW HITPOINT WARNING * * *
The orc priest hits you with a +0 hand axe.
* * * LOW HITPOINT WARNING * * *
You closely miss the orc priest.
The orc priest is heavily wounded.
You hit the orc but do no damage. Lightning courses through the orc!
You kill the orc!
You hit the orc. Lightning courses through the orc!!
You kill the orc!
Your Transmutations skill increases to level 3!
The orc priest hits you with a +0 hand axe.
You die...

. ##..#.
#.......##+##.....
#..........รท(.#...
##...........#.#+#.
'...........#.....
#####...........#.....
o.........####.#.....
#)o..........#.....
#)@..........#.....
#............#.#'#'
#............#.#.#.
#............#.#.#.
#######'####'#...#.
#.##.....###.
#.##.....# #.
#.##.....+ #.
..##.....# #.


You could see an orc priest.

Vanquished Creatures
  2 orc wizards (D:3)
  4 adders
  3 leopard geckos
  6 orcs
  2 ball pythons
  3 giant cockroaches
  5 goblins
  9 hobgoblins
  3 jackals (D:3)
  7 kobolds
  A quokka (D:3)
  2 bats
  3 frilled lizards
  6 rats
56 creatures vanquished.

Notes
Turn   | Place    | Note
-------+----------+-------------------------------------------
     0 | D:1      | Gynju the Naga Transmuter began the quest for the Orb.
     0 | D:1      | Reached XP level 1. HP: 18/18 MP: 3/3
     3 | D:1      | Noticed an electric eel
     3 | D:1      | Noticed an electric eel
   489 | D:1      | Reached XP level 2. HP: 22/25 MP: 3/5
  1144 | D:2      | Reached XP level 3. HP: 11/31 MP: 4/6
  1824 | D:2      | Learned a level 2 spell: Sticks to Snakes
  1828 | D:2      | Learned a level 3 spell: Spider Form
  2174 | D:3      | Reached XP level 4. HP: 32/39 MP: 7/7
  2550 | D:3      | HP: 1/39 [orc/+1 war axe of electrocution (10)]
  2843 | D:3      | Reached skill level 4 in Unarmed Combat
  2846 | D:3      | Reached XP level 5. HP: 38/45 MP: 7/9
  3174 | D:3      | Slain by an orc priest

Levels and vault maps discovered:
D:1:      arrival_aquarium_b, layout_basic, chequers_arboretum
D:2:      layout_basic
D:3:      layout_basic, gammafunk_temple_overflow_claw, kennysheep_small_spiral

Skill      XL: |  1  2  3  4  5 |
---------------+----------------+-----
Dodging        | 2 |  2.1
Unarmed Combat | 4 |  4.3
Transmutations | 3 |  3.0
Fighting       | |  1.7
Spellcasting   | |  2.8

Action                   |  1- 3 |  4- 6 || total
-------------------------+-------+-------++-------
Melee: Short sword       |    25 |       ||    25
       Unarmed           |   105 |    27 ||   132
       Headbutt          |    13 |     1 ||    14
       Punch             |     2 |       ||     2
       War axe           |       |    45 ||    45
 Cast: Beastly Appendage |    22 |     3 ||    25
  Eat: Chunk             |     3 |     3 ||     6
Armor: Robe              |    42 |    39 ||    81
Dodge: Dodged            |    60 |    49 ||   109

Table legend:
 A = Non-vault XP
 B = Vault XP
 C = Vault XP percentage of total XP
 D = Non-vault monster count
 E = Vault monster count
 F = Vault count percentage of total count
                 A         B        C        D         E       F
            +---------+---------+-------+---------+---------+-------
      Total |     224 |       0 |   0.0 |      56 |       0 |   0.0
            +---------+---------+-------+---------+---------+-------
        D:1 |      16 |       0 |   0.0 |       9 |       0 |   0.0
        D:2 |      65 |       0 |   0.0 |      24 |       0 |   0.0
        D:3 |     143 |       0 |   0.0 |      23 |       0 |   0.0
            +---------+---------+-------+---------+---------+-------
